 Dungeon Crawl Stone Soup version 0.27.1-33-g824d729ab1 (webtiles) character file.

Game seed: 5556811410983929363

4 SensoryNuts the Firebug (level 1, 0/16 HPs)
             Began as an Ogre Fire Elementalist on Dec 6, 2021.
             Slain by a bat (1 damage)
             ... on level 1 of the Dungeon.
             The game lasted 00:00:41 (357 turns).

SensoryNuts the Firebug (Ogre Fire Elementalist)     Turns: 357, Time: 00:00:41

Health: 0/16       AC:  3    Str: 11    XL:     1   Next: 60%
Magic:  3/3        EV: 10    Int: 16    God:
Gold:   14         SH:  0    Dex:  9    Spells: 3/4 levels left

rFire    . . .     SeeInvis .   (no weapon)
rCold    . . .     Faith    .   (no shield)
rNeg     . . .     Spirit   .   a - +0 robe
rPois    .         Reflect  .   (helmet restricted)
rElec    .         Harm     .   (no cloak)
rCorr    .         Rampage  .   (gloves unavailable)
Will     .....                  (boots unavailable)
Stlth    +.........             (no amulet)
HPRegen  0.05/turn              (no ring)
MPRegen  0.08/turn              (no ring)

@: no status effects
A: large, unfitting armour, tough skin 1
a: no special abilities


You were on level 1 of the Dungeon.
You visited 1 branch of the dungeon, and saw 1 of its levels.

You collected 14 gold pieces.

Inventory:

Armour
 a - a +0 robe (worn)
 b - a +2 buckler


   Skills:
 + Level 2.0 Dodging
 + Level 1.4 Stealth
 + Level 2.4 Spellcasting
 + Level 1.1 Conjurations
 + Level 2.6 Fire Magic


You had 3 spell levels left.
You knew the following spells:

 Your Spells              Type           Power      Damage    Failure   Level
a - Foxfire               Conj/Fire      32%        2x1d5     9%          1

Your spell library contained the following spells:

 Spells                   Type           Power      Damage    Failure   Level
 Conjure Flame            Conj/Fire      8%         6-21      26%         3
 Inner Flame              Hex/Fire       6%         N/A       34%         3
 Sticky Flame             Conj/Fire      8%         2d3       65%         4
 Fireball                 Conj/Fire      4%         3d4       94%         5


Dungeon Overview and Level Annotations

Branches:
Dungeon (1/15)

Altars:


Innate Abilities, Weirdness & Mutations

You are too large for most types of armour.
You have tough skin. (AC +1)


Message History

You are too injured to fight recklessly!
You are too injured to fight recklessly!
You are too injured to fight recklessly!
You are too injured to fight recklessly!
You are too injured to fight recklessly!
You are too injured to fight recklessly!
The bat hits you but does no damage.
You are too injured to fight recklessly!
The bat hits you.
* * * LOW HITPOINT WARNING * * *
You are too injured to fight recklessly!
The bat hits you but does no damage.
You are too injured to fight recklessly!
The bat barely misses you.
You are too injured to fight recklessly!
You are too injured to fight recklessly!
You are too injured to fight recklessly!
The bat hits you but does no damage. x2
You are too injured to fight recklessly!
You are too injured to fight recklessly!
You are too injured to fight recklessly!
The bat barely misses you. The bat hits you but does no damage.
The bat hits you.
* * * LOW HITPOINT WARNING * * *
The bat hits you.
* * * LOW HITPOINT WARNING * * *
The bat closely misses you. The bat hits you but does no damage.
You are too injured to fight recklessly!
The bat barely misses you.
You are too injured to fight recklessly!
The bat hits you but does no damage.
You are too injured to fight recklessly!
You are too injured to fight recklessly!
You miss the bat. The bat hits you but does no damage.
You are too injured to fight recklessly!
The bat closely misses you.
You completely miss the bat. The bat barely misses you. The bat hits you.
You die...

.........##..##.#
######...##..##.#
#...##..##.#
#######...##..##.#
#.....#...##..##.#
.####..#..#...#......#
.....# #.#...#.###..#
##..###.....#.# #..#
...##.#.......@.#.# #..#
#.............b.#.###..#
.#####.###.#....).....#
#.#####).#.####....##.##
#.....#.#.# #.#..##.#
#######.#.### #.......#
..........# ###..####
#######.### #..# #.#
...#


You could see a bat.

Vanquished Creatures
  A bat (D:1)
  2 kobolds (D:1)
  A frilled lizard (D:1)
4 creatures vanquished.

Vanquished Creatures (others)
  10 foxfires (D:1)
10 creatures vanquished.

Grand Total: 14 creatures vanquished

Notes
Turn   | Place    | Note
-------+----------+-------------------------------------------
     0 | D:1      | SensoryNuts the Ogre Fire Elementalist began the quest for
                  | the Orb.
     0 | D:1      | Reached XP level 1. HP: 16/16 MP: 3/3
    46 | D:1      | Reached skill level 1 in Conjurations
   357 | D:1      | Slain by a bat

Illustrated notes

Levels and vault maps discovered:
D:1:      onia_arrival_mini_spirals, layout_loops_ring

Skill      XL: |  1 |
---------------+----+-----
Conjurations   | 1 |  1.1
Dodging        | 2 |  2.0
Stealth        | |  1.4
Spellcasting   | |  2.4
Fire Magic     | |  2.6

Action                   || total
-------------------------++-------
Melee: Unarmed           ||    26
 Cast: Foxfire           ||    13
Armor: Robe              ||    46
Dodge: Dodged            ||    37
